 Dungeon Sprint DCSS version 0.17-a0-1337-ge651487 (webtiles) character file.

3101 Kidiri the Covert (level 9, -2/39 HPs)
             Began as a Spriggan Enchanter on June 10, 2015.
             Was a Believer of Dithmenos.
             Killed by an exploding giant spore (21 damage)
             ... set off by themself
             ... in the Dungeon (Sprint I: "Red Sonja").
             The game lasted 00:06:10 (1341 turns).

Kidiri the Covert (Spriggan Enchanter)              Turns: 1341, Time: 00:06:11

Health: -2/39      AC:  3    Str:  4    XL:     9   Next: 59%
Magic:  17/25      EV: 30    Int: 18    God:    Dithmenos [**....]
Gold:   816        SH:  0    Dex: 18    Spells: 5 memorised, 18 levels left

rFire  . . .     SeeInvis +     f - +0 shortbow
rCold  . . .     Clarity  .     b - +1 robe
rNeg   . . .     SustAt   .     (shield restricted)
rPois  .         Gourm    .     (helmet restricted)
rElec  .         Spirit   .     (no cloak)
rCorr  .         Warding  .     (gloves unavailable)
rMut   .         NoTele   +     (boots unavailable)
MR     +....                    (no amulet)
Stlth  +++.......               (no ring)
                                (no ring)

@: confused, wreathed by umbra, very quick, somewhat resistant to hostile
enchantments, fairly stealthy
A: unfitting armour, see invisible, herbivore 3, speed 3, slow metabolism 2
a: Shadow Step, Renounce Religion


You were in the Dungeon.
You worshipped Dithmenos.
Dithmenos was pleased with you.
You were not hungry.

You visited 1 branch You collected 861 gold pieces.
You spent 45 gold pieces at shops.

Inventory:

Hand weapons
 a - a +1 dagger
 f - a +0 shortbow (weapon)
 m - a +5 blowgun
 n - a +0 dagger of venom
Missiles
 o - 6 curare-tipped needles
 q - 19 arrows (quivered)
Armour
 b - a +1 robe (worn)
Scrolls
 j - a scroll of blinking
 p - 3 scrolls of magic mapping
Potions
 e - a potion of curing
 g - a potion of haste
 h - 2 potions of magic
 i - a potion of berserk rage
 k - 2 potions of flight {unknown}
 l - a potion of poison {unknown}
Books
 c - a book of Maledictions

   Spells                             Type                      Level
   a - Corona                         Hexes                        1
   b - Ensorcelled Hibernation        Hexes/Ice                    2
   c - Confuse                        Hexes                        3
   d - Tukima's Dance                 Hexes                        3
   e - Dazzling Spray                 Conjuration/Hexes            3
Comestibles
 d - a bread ration


   Skills:
 * Level 10.4 Short Blades
 * Level 13.3 Dodging
 * Level 14.4 Stealth
 * Level 11.4 Spellcasting
 + Level 4.4 Conjurations
 + Level 8.9 Hexes
 + Level 5.2 Ice Magic
 + Level 5.3 Invocations


You had 18 spell levels left.
You knew the following spells:

 Your Spells              Type           Power        Failure   Level  Hunger
a - Corona                Hex            #####..      1%          1    None
b - Ensorcelled Hibernat  Hex/Ice        #####.       1%          2    None
c - Confuse               Hex            #####...     1%          3    None
d - Tukima's Dance        Hex            #####...     1%          3    None
e - Dazzling Spray        Conj/Hex       ####....     1%          3    None


Dungeon Overview and Level Annotations

Branches:
Dungeon (1/1)

Altars:
Cheibriados
Dithmenos
Elyvilon
Fedhas
Gozag
Kikubaaqudgha
Makhleb
Nemelex Xobeh
Okawaru
Qazlal
Ru
Sif Muna
Trog
Vehumet
Xom
Yredelemnul
Zin
The Shining One
Jiyva

Shops:
D %*[


Innate Abilities, Weirdness & Mutations

You are tiny and cannot use many weapons and most armour.
You have supernaturally acute eyesight.
You are a herbivore.
You cover ground extremely quickly.
You need consume almost no food.


Message History

Wield which item (- for none, * to show all)? (? for menu, Esc to quit)
f - a +0 shortbow (weapon)
There is an open door, spattered with blood here.
Firing (i - inventory):
q - 20 arrows (quivered)
Press: ? - help, Shift-Dir - straight line, f - giant spore
Aim: a giant spore (resting)
You shoot an arrow.
The arrow hits the giant spore but does no damage.
The giant spore waves its rhizomes.
Firing (i - inventory):
q - 19 arrows (quivered)
Press: ? - help, Shift-Dir - straight line, f/p - giant spore
Aim: a giant spore (umbra)
You shoot an arrow. The arrow hits the giant spore.
The giant spore explodes!
A fungus suddenly grows. x2
You hear an explosion!
The explosion of spores engulfs you!
You are confused.
Ouch! That really hurt!
You die...

#.%#####'#####'#__####,,,+,,*,*
#..####..#...#.####.§#*#**,,+,*
#..#__####y.##.#§§§§§#§§**+****
#..#_..__##'#..§≈§§§§§§§*,,,,,*
#⌠⌠#_.∩...'..._#§§§§.#,,*,,,,,+
####_..._##_.#'##(####*+***,,,*
*,,#_____###'#.#§§[.###,+,*,,,*
############.####§###[##*,*,,**
#∩......(.'P.(@..§§)')∩#*,*,,**
###++++####.P.##########*,**+*,
*,,,,,,,**##.##*,,,,,,,**,**,*,
*,,,,,,,,*,#'#,*,,,,,,,,+,****,
*,,*,,,,,*,(,,,*+++******,*,,+,
*,,,,,,,,*$$,,,*,,,,,,,,*,*****
*,,,,,*,,##*****,,,,,,,*+,*,,,*
*,,,,,,,,**,,,,,,,,,,,≈****,,,,
*,,*,,,,,**,,,,,,,,,,≈≈**,,,,,,


There were no monsters in sight!

Vanquished Creatures
  2 centaur warriors (D)
  Sonja (D)
  A deep troll (D)
  A slime creature (D)
  Sigmund (D)
  A trapdoor spider (D)
  A yak (D)
  An ogre (D)
  A jelly (D)
  Ijyb (D)
11 creatures vanquished.

Vanquished Creatures (others)
  A gargoyle (D)
1 creature vanquished.

Grand Total: 12 creatures vanquished

Notes
Turn   | Place    | Note
--------------------------------------------------------------
     0 | D        | Kidiri the Spriggan Enchanter began the quest for the Orb.
     0 | D        | Reached XP level 1. HP: 9/9 MP: 5/5
     2 | D        | Noticed Ijyb
    13 | D        | Killed Ijyb
    13 | D        | Reached skill level 5 in Dodging
    13 | D        | Reached skill level 6 in Stealth
    13 | D        | Reached XP level 2. HP: 11/13 MP: 5/8
    18 | D        | Learned a level 2 spell: Ensorcelled Hibernation
    69 | D        | Noticed an ogre
    75 | D        | Killed an ogre
    75 | D        | Reached skill level 7 in Stealth
    75 | D        | Reached skill level 5 in Spellcasting
    75 | D        | Reached skill level 5 in Hexes
    75 | D        | Reached skill level 1 in Ice Magic
    75 | D        | Reached XP level 3. HP: 16/16 MP: 7/11
    75 | D        | Reached XP level 4. HP: 21/21 MP: 7/12
   119 | D        | Learned a level 3 spell: Confuse
   123 | D        | Learned a level 3 spell: Tukima's Dance
   127 | D        | Learned a level 3 spell: Dazzling Spray
   130 | D        | Noticed Sigmund
   133 | D        | Killed Sigmund
   133 | D        | Reached skill level 8 in Dodging
   133 | D        | Reached skill level 9 in Stealth
   133 | D        | Reached skill level 1 in Conjurations
   133 | D        | Reached XP level 5. HP: 24/24 MP: 12/15
   147 | D        | Found a snail-covered altar of Cheibriados.
   147 | D        | Found a viscous altar of Jiyva.
   147 | D        | Found a shadowy altar of Dithmenos.
   147 | D        | Found a blossoming altar of Fedhas.
   147 | D        | Noticed a slime creature
   411 | D        | Became a worshipper of Dithmenos the Shadowed
   411 | D        | Killed a gargoyle
   644 | D        | Killed a slime creature
   644 | D        | Reached skill level 10 in Stealth
   644 | D        | Reached skill level 1 in Invocations
   644 | D        | Reached XP level 6. HP: 28/28 MP: 12/18
   681 | D        | Found a deep blue altar of Sif Muna.
   682 | D        | Noticed a jelly
   683 | D        | Found a radiant altar of Vehumet.
   687 | D        | Killed a jelly
   725 | D        | Found Kaopparph's General Store.
   725 | D        | Found a white marble altar of Elyvilon.
   725 | D        | Found a stormy altar of Qazlal.
   725 | D        | Found a burning altar of Makhleb.
   725 | D        | Found a sacrificial altar of Ru.
   725 | D        | Found a basalt altar of Yredelemnul.
   725 | D        | Found a glowing golden altar of the Shining One.
   725 | D        | Found a sparkling altar of Nemelex Xobeh.
   725 | D        | Found a shimmering altar of Xom.
   725 | D        | Found an opulent altar of Gozag.
   725 | D        | Found an ancient bone altar of Kikubaaqudgha.
   725 | D        | Found a glowing silver altar of Zin.
   725 | D        | Noticed a yak
   729 | D        | Killed a yak
   729 | D        | Reached skill level 10 in Dodging
   729 | D        | Reached skill level 11 in Stealth
   729 | D        | Reached XP level 7. HP: 19/32 MP: 13/20
   730 | D        | Found an iron altar of Okawaru.
   731 | D        | Found a bloodstained altar of Trog.
   735 | D        | Bought a scroll of magic mapping for 45 gold pieces
   867 | D        | Noticed Sonja
   875 | D        | Killed Sonja
   875 | D        | Reached skill level 12 in Stealth
   875 | D        | Reached XP level 8. HP: 21/36 MP: 17/22
   907 | D        | Found Miongyi's Food Boutique.
   992 | D        | Noticed a deep troll
   999 | D        | Killed a deep troll
   999 | D        | Reached skill level 13 in Stealth
   999 | D        | Reached skill level 10 in Spellcasting
  1009 | D        | Found Maneuklula's Armour Emporium.
  1044 | D        | Noticed a centaur warrior
  1044 | D        | Noticed a centaur warrior
  1064 | D        | Killed a centaur warrior
  1064 | D        | Reached XP level 9. HP: 10/39 MP: 13/24
  1254 | D        | Noticed a wasp
  1265 | D        | Noticed a trapdoor spider
  1267 | D        | Noticed a trapdoor spider
  1287 | D        | Killed a trapdoor spider
  1287 | D        | Acquired Dithmenos's first power
  1287 | D        | Reached skill level 10 in Short Blades
  1287 | D        | Reached skill level 5 in Invocations
  1317 | D        | Killed a centaur warrior
  1317 | D        | Reached skill level 14 in Stealth
  1317 | D        | Reached skill level 5 in Ice Magic
  1341 | D        | Killed by an exploding giant spore... set off by themself

Vault maps used:
D:        dungeon_sprint_1

Action                   |  1- 3 |  4- 6 |  7- 9 || total
-------------------------+-------+-------+-------++-------
Melee: Dagger            |     7 |     6 |     8 ||    21
 Fire: Shortbow          |       |       |     2 ||     2
 Cast: Corona            |     1 |       |       ||     1
       Ensorcelled Hiber |     1 |     6 |    17 ||    24
       Confuse           |       |     2 |     2 ||     4
  Use: Potion            |       |       |     3 ||     3
       Scroll            |       |       |     1 ||     1
 Stab: Sleeping          |     2 |     4 |     4 ||    10
       Confused          |       |       |     1 ||     1
